 Dungeon Crawl Stone Soup version 0.27.1-2-g3b301248ec (webtiles) character file.

Game seed: 15465613092581326494

30 MajorAdolf the Skirmisher (level 3, -2/34 HPs)
             Began as a Naga Wanderer on Oct 2, 2021.
             Slain by a gnoll (12 damage)
             ... on level 2 of the Dungeon.
             The game lasted 00:03:41 (2591 turns).

MajorAdolf the Skirmisher (Naga Wanderer)           Turns: 2591, Time: 00:03:42

Health: -2/34      AC:  1    Str: 13    XL:     3   Next: 18%
Magic:  1/6        EV:  9    Int:  9    God:
Gold:   54         SH:  0    Dex: 15    Spells: 5/6 levels left

rFire    . . .     SeeInvis +   a - +0 mace
rCold    . . .     Faith    .   (no shield)
rNeg     . . .     Spirit   .   (no armour)
rPois    +         Reflect  .   (no helmet)
rElec    .         Harm     .   (no cloak)
rCorr    .         Rampage  .   (no gloves)
Will     .....                  (no barding)
Stlth    ++........             (no amulet)
HPRegen  0.11/turn              (no ring)
MPRegen  0.10/turn              (no ring)

@: short of breath, very slow
A: AC +1, large, see invisible, deformed body, poison resistance, slowness 2,
spit poison 1, naga tail 1
a: Spit Poison


You were on level 2 of the Dungeon.
You visited 1 branch of the dungeon, and saw 2 of its levels.

You collected 54 gold pieces.

Inventory:

Hand Weapons
 a - a +0 mace (weapon)
Jewellery
 f - an amulet of faith
Scrolls
 b - a scroll of teleportation {unknown}
 c - a scroll of enchant weapon {unknown}
Potions
 d - a potion of mutation {unknown}
 e - a potion of might {unknown}


   Skills:
 + Level 3.5 Fighting
 - Level 1.0 Maces & Flails
 - Level 1.0 Armour
 + Level 2.2 Stealth
 + Level 2.1 Spellcasting
 + Level 1.1 Conjurations
 - Level 1.3 Poison Magic
 - Level 2.0 Evocations


You had 5 spell levels left.
You knew the following spells:

 Your Spells              Type           Power      Damage    Failure   Level
a - Magic Dart            Conj           8%         1d3       22%         1

Your spell library contained the following spells:

 Spells                   Type           Power      Damage    Failure   Level
 Blink                    Tloc           N/A        N/A       45%         2
 Call Imp                 Summ           0%         N/A       45%         2
 Slow                     Hex            0%         N/A       45%         2
 Mephitic Cloud           Conj/Pois/Air  2%         N/A       56%         3
 Conjure Flame            Conj/Fire      1%         6-21      61%         3
 Portal Projectile        Hex/Tloc       0%         N/A       69%         3
 Blade Hands              Tmut           0%         N/A       100%        5
 Excruciating Wounds      Necr           0%         N/A       100%        5


Dungeon Overview and Level Annotations

Branches:
Dungeon (2/15)

Altars:

Annotations:
D:1 exclusion: downstairs


Innate Abilities, Weirdness & Mutations

Your serpentine skin is tough. (AC +1)
You have supernaturally acute eyesight. (SInv)
Armour fits poorly on your strangely shaped body.
Your system is resistant to poisons. (rPois)
You cover ground very slowly.
You can spit poison.
You have a snake-like lower body.


Message History

Unknown command.
You start waiting.
A gnoll is nearby!
The magic dart hits the gnoll.
The gnoll is lightly wounded.
The magic dart hits the gnoll.
The gnoll is lightly wounded.
The magic dart hits the gnoll.
The gnoll is moderately wounded.
You miscast Magic Dart.
You are very lightly contaminated with residual magic.
Nothing appears to happen.
The magic dart hits the gnoll but does no damage.
The gnoll is moderately wounded.
Press: ? - help, Shift-Dir - straight line, f/p - gnoll
Aim: a gnoll, wielding a +0 halberd (moderately wounded)
The splash of poison hits the gnoll.
The gnoll is heavily wounded.
The gnoll hits you from afar with a +0 halberd!
Unknown command.
The magic dart hits the gnoll.
The gnoll is heavily wounded.
The gnoll hits you from afar with a +0 halberd.
The gnoll hits you from afar with a +0 halberd.
You have got your breath back.
The gnoll barely misses you.
Press: ? - help, Shift-Dir - straight line, f/p - gnoll
Aim: a gnoll, wielding a +0 halberd (heavily wounded)
The splash of poison hits the gnoll.
The gnoll is poisoned.
The gnoll is almost dead.
The gnoll shouts! x2
The gnoll closely misses you.
Your magical contamination has completely faded away.
The gnoll barely misses you.
The gnoll hits you from afar with a +0 halberd!
* * * LOW HITPOINT WARNING * * *
Unknown command.
The gnoll hits you but does no damage.
The gnoll hits you from afar with a +0 halberd!
You die...

####### #.....#
........+ +...@.#
#....g..
#.....###############
#...l.g
#.gg..#...:..........
#.....
#.g...#.#############
#.... #.#####.# ...
####)## #.# #'#
#.....# #.# #g#
#.....# #.#
#.######...).# #.#


You could see 3 gnolls.

Vanquished Creatures
  A dart slug (D:1)
  4 endoplasms (D:1)
  A giant cockroach (D:1)
  2 hobgoblins (D:1)
  2 jackals (D:1)
  3 kobolds
  4 quokkas
  3 ball pythons (D:1)
  2 bats
  2 frilled lizards (D:1)
  A rat (D:1)
25 creatures vanquished.

Notes
Turn   | Place    | Note
-------+----------+-------------------------------------------
     0 | D:1      | MajorAdolf the Naga Wanderer began the quest for the Orb.
     0 | D:1      | MajorAdolf set off with the following items: a +0 mace, a
                  | +0 ring mail; and the following spell memorised: Magic
                  | Dart; and the following spells available to memorise:
                  | Blink, Call Imp, Slow, Mephitic Cloud, Conjure Flame
     0 | D:1      | Reached XP level 1. HP: 21/21 MP: 3/3
   157 | D:1      | Reached skill level 1 in Stealth
   652 | D:1      | Reached XP level 2. HP: 28/28 MP: 0/5
  1407 | D:1      | Reached skill level 1 in Conjurations
  1557 | D:1      | Reached XP level 3. HP: 32/34 MP: 4/6
  2591 | D:2      | Slain by a gnoll

Illustrated notes

Levels and vault maps discovered:
D:1:      lightli_arrival_farm, layout_basic
D:2:      layout_basic

Skill      XL: |  1  2 |
---------------+-------+-----
Stealth        | 1 2 |  2.2
Conjurations   | 1 |  1.1
Fighting       | |  3.5
Maces & Flails | |  1.0
Armour         | |  1.0
Spellcasting   | |  2.1
Poison Magic   | |  1.3
Evocations     | |  2.0

Action                   || total
-------------------------++-------
Melee: Mace              ||    20
 Cast: Magic Dart        ||    49
 Abil: Spit Poison       ||    19
Armor: Skin              ||     5
Dodge: Dodged            ||    20
